 Dungeon Crawl Stone Soup version 0.32-a0-132-g2d33c3cfaf (webtiles) character file.

Game seed: 9349474657073478703

333 zeratav the Sneak (level 6, -1/45 HPs)
             Began as an Octopode Shapeshifter on Feb 10, 2024.
             Slain by a centaur (3 damage)
             ... on level 4 of the Dungeon.
             The game lasted 00:06:40 (3523 turns).

zeratav the Sneak (Octopode Shapeshifter)           Turns: 3523, Time: 00:06:40

Health: -1/45      AC:  1    Str: 15    XL:     6   Next: 52%
Magic:  6/6        EV: 13    Int: 12    God:
Gold:   154        SH:  0    Dex: 18    Spells: 5/5 levels left

rFire   . .          .
                       - Unarmed
rCold   . . .        (no shield)
rNeg    + . .        (helmet currently unavailable)
rPois   .            (no amulet)
rElec   .            f - ring of resist corrosion
rCorr   +            j - ring of positive energy
SInv    .            p - +6 ring of dexterity
Will    .....        (no ring)
Stlth   ++++         (no ring)
HPRegen 0.27/turn    (no ring)
MPRegen 0.10/turn    (no ring)
                     (no ring)

%: no passive effects
@: beast-form
A: beast (slay +1), almost no armour, amphibious, 8 rings, camouflage 1,
gelatinous body 1, (nimble swimmer 1), tentacles
a: Begin Untransformation


You were on level 4 of the Dungeon.
You were a hulking beast.
You visited 1 branch of the dungeon, and saw 4 of its levels.

You collected 154 gold pieces.


Innate Abilities, Weirdness & Mutations

You are a hulking beast.
Your limbs bulge with bestial killing power. (Slay +1)
You cannot wear most types of armour.
You are amphibious.
You can wear up to eight rings at the same time.
Your skin changes colour to match your surroundings (Stealth+).
Your rubbery body absorbs attacks. (AC +1, EV +1)
((You are camouflaged when in or above water. (Stealth+)))
You have tentacles for arms and can constrict up to eight enemies at once.


   Skills:
 - Level 5.0 Fighting
 - Level 2.0 Dodging
 - Level 5.0 Stealth
 - Level 3.0 Unarmed Combat
 + Level 3.3 Shapeshifting


You had 5 spell levels left.
You didn't know any spells.
Your spell library contained the following spells:

 Spells                   Type           Power      Damage    Failure   Level
 Apportation              Tloc           0%         N/A       32%         1
 Magic Dart               Conj           0%         1d3       32%         1
 Necrotise                Necr           0%         1d4       32%         1
 Sting                    Conj/Alch      0%         1d3       32%         1
 Summon Small Mammal      Summ           0%         N/A       32%         1
 Blink                    Tloc           0%         N/A       45%         2
 Call Imp                 Summ           0%         N/A       45%         2
 Searing Ray              Conj           0%         2d4       45%         2
 Sublimation of Blood     Necr           0%         N/A       45%         2
 Call Canine Familiar     Summ           0%         N/A       69%         3
 Hailstorm                Conj/Ice       0%         3d5       69%         3
 Stone Arrow              Conj/Erth      0%         3d7       69%         3
 Summon Ice Beast         Ice/Summ       0%         N/A       69%         3
 Fulminant Prism          Conj/Alch      0%         3d5       97%         4
 Petrify                  Alch/Erth      0%         N/A       97%         4
 Summon Blazeheart Golem  Fire/Summ      0%         N/A       97%         4
 Irradiate                Conj/Alch      0%         3d11      100%        5
 Sculpt Simulacrum        Ice/Alch       0%         N/A       100%        6
 Lehudib's Crystal Spear  Conj/Erth      0%         10d2      100%        8
 Animate Armour           Summ/Erth      Unusable   N/A       N/A         4

Inventory:

Missiles
 e - 3 poisoned darts (quivered) {throwing}
Jewellery
 f - a ring of resist corrosion (left tentacle)
   (You found it on level 1 of the Dungeon)
 j - a ring of positive energy (right tentacle)
   (You found it on level 1 of the Dungeon)
 p - a +6 ring of dexterity (on tentacle)
   (You found it on level 4 of the Dungeon)
Talismans
 b - a beast talisman
 c - a flux talisman
Wands
 o - a wand of polymorph (10)
   (You took it off Ijyb on level 3 of the Dungeon)
Scrolls
 l - a scroll of blinking {!r}
Potions
 a - 2 potions of lignification {!q}
 d - a potion of berserk rage {unknown}
 h - a potion of cancellation {unknown}
 i - a potion of heal wounds {unknown}
 k - a potion of ambrosia {unknown}
 m - 3 potions of haste {unknown}
 n - a potion of magic {unknown}

Dungeon Overview and Level Annotations

Branches:
Dungeon (4/15) Zot: 20482
 Temple: D:4-7

Altars:

Shops:
D:1

* ...............
......<........
h...S..........
...........[..#
............... .B.
.$......... .# ....
#ch....... .....
....##hJ.......
#...........#†.)......
####......##...........#.
..............#.........#
#........#..............#
#........##..#.......#..#
.........##..#..#.#######
...>.....###....#..##
##........##........#


You could see a centaur, an adder, an endoplasm and a jackal.


Message History

The ball python misses you.
You bludgeon the ball python!
You kill the ball python!
No target in view!
No target in view!
No target in view!
No target in view!
No target in view!
No target in view!
No target in view!
d - a dark potion You now have 154 gold pieces (gained 13).
A giant cockroach comes into view.
The giant cockroach moves out of view.
A hobgoblin comes into view. It is wielding a +0 short sword.
A ribbon worm comes into view.
You tentacle-slap the hobgoblin but do no damage.
You grab the hobgoblin. You squeeze the hobgoblin.
You kill the hobgoblin!
Found a stone staircase leading up.
You see here a potion of lignification {!q}.
a - 2 potions of lignification {!q} (gained 1)
The ribbon worm barely misses you.
You barely miss the ribbon worm. Your grab misses the ribbon worm.
You squeeze the ribbon worm.
An endoplasm comes into view.
The ribbon worm misses you.
You barely miss the ribbon worm. You grab the ribbon worm.
You tentacle-slap the ribbon worm.
You constrict the ribbon worm, but do no damage.
A jackal comes into view. x2
The jackal barks!
You tentacle-slap the ribbon worm. x2; You constrict the ribbon worm.
The ribbon worm expels a string of sticky webbing.
The stream of webbing hits you but does no damage.
You are caught in a web!
The giant cockroach waves its antennae.
The web tears apart.
You constrict the ribbon worm.
A centaur comes into view.
The ribbon worm bites you.
HP[-2]
You take 2 damage, and now have 43/45 hp.
You tentacle-slap the ribbon worm but do no damage.
You constrict the ribbon worm. The ribbon worm bites you.
HP[-6]
You take 6 damage, and now have 37/45 hp.
You tentacle-slap the ribbon worm.
You kill the ribbon worm!
The centaur wields a +0 orcbow.
The centaur shoots an arrow.
The arrow barely misses you. The giant cockroach closely misses you.
You hear an angry hiss.
You tentacle-slap the giant cockroach. You grab the giant cockroach.
You squeeze the giant cockroach.
You kill the giant cockroach!
A jackal comes into view.
The jackal closely misses you.
HP[+1]
The endoplasm attacks as it pursues you!
The endoplasm barely misses you.
You see here a giant cockroach corpse.
You completely miss the jackal. You grab the jackal. You squeeze the jackal.
You kill the jackal!
You tentacle-slap the jackal. Your grab misses the jackal.
Your squeeze misses the jackal. The jackal bites you.
The endoplasm freezes you.
You are frozen.
The jackal bites you.
HP[-7]
You take 7 damage, and now have 31/45 hp.
You barely miss the jackal. You grab the jackal. You constrict the jackal.
The endoplasm freezes you.
You are frozen.
The jackal bites you.
HP[-3]
You take 3 damage, and now have 28/45 hp.
You tentacle-slap the jackal.
You kill the jackal!
The endoplasm freezes you.
You are frozen.
The centaur shoots an arrow.
The arrow hits you!
* * * LOW HITPOINT WARNING * * *
HP[-16]
You take 16 damage, and now have 12/45 hp.
MASSIVE DAMAGE!! (PAUSE)
An adder comes into view.
The centaur unwields a +0 orcbow.
The centaur hits you.
* * * LOW HITPOINT WARNING * * *
The centaur barely misses you. The endoplasm freezes you.
You are frozen.
* * * LOW HITPOINT WARNING * * *
The jackal bites you.
* * * LOW HITPOINT WARNING * * *
The centaur completely misses you. The centaur closely misses you.
HP[-8]
You take 8 damage, and now have 4/45 hp.
You tentacle-slap the centaur but do no damage.
The jackal completely misses you. The endoplasm freezes you.
You are frozen.
* * * LOW HITPOINT WARNING * * *
The centaur barely misses you. The centaur kicks you.
You die...

Skill      XL: |  1  2  3  4  5  6 |
---------------+-------------------+-----
Stealth        | 2 3 5 |  5.0
Fighting       | 2 4 5 |  5.0
Dodging        | |  2.0
Unarmed Combat | |  3.0
Shapeshifting  | |  3.3

Action                     |  1- 3 |  4- 6 || total
---------------------------+-------+-------++-------
  Melee: Unarmed           |    74 |   100 ||   174
         Constrict         |    20 |    27 ||    47
         Tentacles         |    13 |    22 ||    35
         Punch             |     7 |     7 ||    14
  Throw: Dart              |       |     6 ||     6
    Use: Scroll            |       |     3 ||     3
   Stab: Sleeping          |    11 |     7 ||    18
         Distracted        |       |     1 ||     1
 Armour: Skin              |    28 |    41 ||    69
  Dodge: Dodged            |    32 |    56 ||    88

Levels and vault maps discovered:
D:1:      dpeg_arrival_radiant, layout_rooms, serial_shops, shop,
          chequers_ecumenical_altar_simple
D:2:      layout_basic, uniq_robin
D:3:      layout_loops_corners, bh_walls_and_bars, uniq_ijyb
D:4:      layout_cave_pools, nicolae_yredelemnul_corpse_copse, enter_ossuary_5,
          minmay_manual_moon

Notes
Turn   | Place    | Note
-------+----------+-------------------------------------------
     0 | D:1      | zeratav the Octopode Shapeshifter began the quest for the
                  | Orb.
     0 | D:1      | Reached XP level 1. HP: 13/13 MP: 1/1
     0 | D:1      | magus.rc [v1.9.6]
    98 | D:1      | Reached skill level 1 in Stealth
   104 | D:1      | HP: 3/13 [quokka (4)]
   107 | D:1      | Reached skill level 2 in Stealth
   202 | D:1      | Reached XP level 2. HP: 18/18 MP: 2/2
   274 | D:1      | Reached skill level 3 in Stealth
   282 | D:1      | You pick up a book of Callings and begin reading...
   282 | D:1      | You add the spells Summon Small Mammal, Call Canine
                  | Familiar and Summon Blazeheart Golem to your library.
   285 | D:1      | You pick up a book of Conjurations and begin reading...
   285 | D:1      | You add the spells Magic Dart, Searing Ray and Fulminant
                  | Prism to your library.
   381 | D:1      | Reached XP level 3. HP: 23/23 MP: 3/3
   386 | D:1      | Reached skill level 4 in Stealth
   396 | D:1      | Found a faded altar of an unknown god.
   506 | D:1      | Found Silast's Assorted Antiques.
  1507 | D:2      | Reached skill level 5 in Stealth
  1511 | D:2      | Reached XP level 4. HP: 28/28 MP: 4/4
  1538 | D:2      | Noticed Robin
  1619 | D:2      | Killed Robin
  1621 | D:2      | Reached skill level 2 in Fighting
  2157 | D:3      | HP: 4/29 [orc priest/+0 hand axe (4)]
  2163 | D:3      | Reached XP level 5. HP: 5/36 MP: 5/5
  2287 | D:3      | Reached skill level 3 in Fighting
  2348 | D:3      | You pick up a book of the Tundra and begin reading...
  2348 | D:3      | You add the spells Hailstorm, Summon Ice Beast and Sculpt
                  | Simulacrum to your library.
  2373 | D:3      | Noticed Ijyb
  2406 | D:3      | Killed Ijyb
  2500 | D:3      | You pick up a book of Minor Magic and begin reading...
  2500 | D:3      | You add the spells Blink and Call Imp to your library.
  2627 | D:3      | Reached skill level 4 in Fighting
  2680 | D:3      | You pick up a book of Transmutation and begin reading...
  2680 | D:3      | You add the spells Sublimation of Blood, Petrify and
                  | Irradiate to your library.
  2878 | D:3      | Reached XP level 6. HP: 44/44 MP: 6/6
  3169 | D:3      | You pick up a book of Armaments and begin reading...
  3169 | D:3      | You add the spells Stone Arrow and Lehudib's Crystal Spear
                  | to your library.
  3376 | D:3      | Reached skill level 5 in Fighting
  3403 | D:3      | You pick up a book of Cantrips and begin reading...
  3403 | D:3      | You add the spells Sting, Necrotise and Apportation to your
                  | library.
  3522 | D:4      | HP: 6/45 [centaur (6)]
  3523 | D:4      | HP: 2/45 [frozen (2)]
  3523 | D:4      | Slain by a centaur

Vanquished Creatures
  An ogre (D:3)
  A bombardier beetle (D:3)
  An orc priest (D:3)
  Ijyb (D:3)
  2 orc wizards (D:3)
  Robin (D:2)
  2 dart slugs (D:2)
  2 ribbon worms
  6 orcs (D:3)
  8 ball pythons
  2 bats
  8 endoplasms
  4 giant cockroaches
  12 goblins
  12 hobgoblins
  2 jackals (D:4)
  5 kobolds
  3 quokkas (D:1)
  3 frilled lizards
  9 rats
85 creatures vanquished.

Table legend:
 A = Non-vault XP
 B = Vault XP
 C = Vault XP percentage of total XP
 D = Non-vault monster count
 E = Vault monster count
 F = Vault count percentage of total count
                 A         B        C        D         E       F
            +---------+---------+-------+---------+---------+-------
      Total |     407 |      69 |  14.5 |      73 |      12 |  14.1
            +---------+---------+-------+---------+---------+-------
        D:1 |      50 |       0 |   0.0 |      28 |       0 |   0.0
        D:2 |      35 |      34 |  49.3 |      17 |      11 |  39.3
        D:3 |     305 |      35 |  10.3 |      21 |       1 |   4.5
        D:4 |      17 |       0 |   0.0 |       7 |       0 |   0.0
            +---------+---------+-------+---------+---------+-------

Skill      XL: |  1  2  3  4  5  6 |
---------------+-------------------+-----
Stealth        | 2 3 5 |  5.0
Fighting       | 2 4 5 |  5.0
Dodging        | |  2.0
Unarmed Combat | |  3.0
Shapeshifting  | |  3.3

Action                     |  1- 3 |  4- 6 || total
---------------------------+-------+-------++-------
  Melee: Unarmed           |    74 |   100 ||   174
         Constrict         |    20 |    27 ||    47
         Tentacles         |    13 |    22 ||    35
         Punch             |     7 |     7 ||    14
  Throw: Dart              |       |     6 ||     6
    Use: Scroll            |       |     3 ||     3
   Stab: Sleeping          |    11 |     7 ||    18
         Distracted        |       |     1 ||     1
 Armour: Skin              |    28 |    41 ||    69
  Dodge: Dodged            |    32 |    56 ||    88

Illustrated notes

Table legend:
 A = Kills in this place as a percentage of kills in the entire game.
 B = Kills by you in this place as a percentage of kills by you in the entire game.
 C = Kills by friends in this place as a percentage of kills by friends in the entire game.
 D = Other kills in this place as a percentage of other kills in the entire game.
 E = Experience gained in this place as a percentage of experience gained in the entire game.
 F = Experience gained in this place divided by the number of levels of this place that you have seen.
                   A       B       C       D       E      F
               +-------+-------+-------+-------+-------+----------------------
         Total | 100.0 | 100.0 |   N/A |   N/A | 100.0 | 119.0
       Dungeon | 100.0 | 100.0 |   N/A |   N/A | 100.0 | 119.0
               +-------+-------+-------+-------+-------+----------------------

Table legend: (Time is in decaauts)
 A = Elapsed time spent in this place.
 B = Non-inter-level travel time spent in this place.
 C = Inter-level travel time spent in this place.
 D = Time resting spent in this place.
 E = Time spent auto-exploring this place.
 F = Levels seen in this place.
 G = Mean time per level.
                   A        B        C        D        E       F      G
               +--------+--------+--------+--------+--------+-----+--------+
         Total |   3516 |   3233 |    283 |    255 |   2234 |   4 |  879.0 |
       Dungeon |   3516 |   3233 |    283 |    255 |   2234 |   4 |  879.0 |
               +--------+--------+--------+--------+--------+-----+--------+

Top non-repeatable levels by time:
     D:2: 1528 daAuts
     D:3: 1253 daAuts
     D:1: 656 daAuts
     D:4: 77 daAuts
